 Dungeon Crawl Stone Soup version 0.25.0-46-gbd7b0854d2 (webtiles) character file.

Game seed: 8208953283828379099

561715 protoss039 the Archmage (level 24, -1/163 HPs)
             Began as a Deep Elf Earth Elementalist on July 9, 2020.
             Was the Champion of Vehumet.
             Killed from afar by a red draconian (13 damage)
             ... with a searing blast
             ... on level 1 of the Realm of Zot on July 14, 2020.
             The game lasted 06:49:02 (82689 turns).

protoss039 the Archmage (DEEE)                     Turns: 82689, Time: 06:49:03

Health: -1/163     AC: 15    Str:  7    XL:     24   Next: 79%
Magic:  19/56      EV: 13    Int: 44    God:    Vehumet [******]
Gold:   5877       SH: 23    Dex: 15    Spells: 1/77 levels left

rFire    + . .     SeeInvis +   Q - staff of wizardry
rCold    + + .     Gourm    .   M - +5 kite shield {rN+}
rNeg     + . .     Faith    .   P - +2 robe {rC+ rF+}
rPois    .         Spirit   .   u - +2 helmet {SInv}
rElec    .         Reflect  +   w - +2 cloak {Stlth+}
rCorr    +         Harm     .   D - +2 pair of gloves {archery}
MR       +++..                  B - +1 pair of boots of the Pure Spreadsheets {MR+ Int+5}
Stlth    ++........             C - amulet of Jemetocruk {Reflect +Inv rC+ Str+2 SH+5 SInv}
HPRegen  0.37/turn              c - +6 ring of intelligence
MPRegen  0.35/turn              Y - ring of resist corrosion

@: studying 2 skills
A: blurry vision 1
}: 4/15 runes: serpentine, barnacled, slimy, silver
a: Renounce Religion, Evoke Invisibility


You were on level 1 of the Realm of Zot.
You worshipped Vehumet.
Vehumet was exalted by your worship.
You were hungry.

You visited 11 branches of the dungeon, and saw 51 of its levels.
You visited 1 bazaar.
You also visited: Ice Cave and Wizlab.

You collected 8786 gold pieces.
You spent 2909 gold pieces at shops.

Inventory:

Hand Weapons
 N - the +1 short sword "Ihuob" {vorpal, +Inv rElec Dex+5}
   (You found it on level 5 of the Vaults)

   It inflicts extra damage upon your enemies.
   It affects your dexterity (+5).
   It insulates you from electricity.
   It lets you turn invisible.
 W - the +5 war axe "Guic" {freeze, Int+3}
   (You found it on level 5 of the Pits of Slime)

   It has been specially enchanted to freeze those struck by it, causing extra
   injury to most foes and up to half again as much damage against particularly
   susceptible opponents.
   It can also slow down cold-blooded creatures.
   It affects your intelligence (+3).
Missiles
 A - 1161 stones (quivered)
Armour
 u - a +2 helmet of see invisible (worn)
 w - a +2 cloak of stealth (worn)
 y - +0 gold dragon scales
 B - the +1 pair of boots of the Pure Spreadsheets (worn) {MR+ Int+5}
   (You found it on level 5 of the Depths)

   It affects your intelligence (+5).
   It affects your resistance to hostile enchantments.
 D - a +2 pair of gloves of archery (worn)
 M - a +5 kite shield of positive energy (worn)
 P - a +2 robe of resistance (worn)
 T - the +3 pair of boots "Woukhyrph" {*Slow MR+ Str+6}
   (You found it on level 4 of the Shoals)

   It affects your strength (+6).
   It affects your resistance to hostile enchantments.
   It may slow you when you take damage.
Magical Staves
 Q - an uncursed staff of wizardry (weapon)
Jewellery
 c - a +6 ring of intelligence (left hand)
 l - the ring "Jew Qaoq" {rN+ MP+9}
   (You took it off a deep elf sorcerer on level 5 of the Vaults)

   [ring of magical power]

   It protects you from negative energy.
   It affects your magic capacity (+9).
 q - an uncursed ring of protection from cold
 C - the amulet of Jemetocruk (around neck) {Reflect +Inv rC+ Str+2 SH+5 SInv}
   (You took it off an ironheart preserver on level 5 of the Vaults)

   [amulet of reflection]

   It shields you and reflects attacks.
   It affects your strength (+2).
   It protects you from cold.
   It lets you see invisible.
   It lets you turn invisible.
   It affects your SH (+5).
 U - an uncursed ring of protection from fire
 X - an uncursed ring of protection from magic
 Y - a ring of resist corrosion (right hand)
Wands
 s - a wand of digging (13)
 G - a wand of iceblast (45)
 Z - a wand of clouds (6)
Scrolls
 e - 28 scrolls of remove curse
 f - 5 scrolls of magic mapping
 g - 14 scrolls of teleportation
 k - 9 scrolls of fear
 o - 5 scrolls of enchant armour
 r - 5 scrolls of holy word
 E - 9 scrolls of enchant weapon
 F - 17 scrolls of identify
 I - 4 scrolls of blinking
 J - a scroll of summoning
 K - 7 scrolls of fog
 O - 4 scrolls of brand weapon
 R - 10 scrolls of amnesia
Potions
 a - 2 potions of invisibility
 b - a potion of heal wounds
 h - 8 potions of mutation
 i - 10 potions of stabbing
 j - 12 potions of curing
 m - 11 potions of cancellation
 n - 3 potions of resistance
 t - a potion of ambrosia
 v - 5 potions of might
 x - 7 potions of magic
 z - 10 potions of flight
 H - 4 potions of haste
 L - 9 potions of lignification
 V - 8 potions of brilliance
Books
 p - a manual of Shields
 S - a manual of Short Blades
Comestibles
 d - 70 rations


   Skills:
 - Level 20.0 Fighting
 - Level 3.0 Dodging
 - Level 3.0 Stealth
 - Level 15.0 Shields
 O Level 27 Spellcasting
 - Level 14.0 Conjurations
 - Level 6.0 Summonings
 - Level 4.0 Transmutations
 - Level 2.0 Fire Magic
   Level 2.0 Air Magic
 + Level 21.4 Earth Magic


You had one spell level left.
You knew the following spells:

 Your Spells              Type           Power        Failure   Level  Hunger
a - Sandblast             Erth           ######       0%          1    None
b - Passwall              Tmut/Erth      ########     0%          2    None
c - Stone Arrow           Conj/Erth      ######       0%          3    None
d - Petrify               Tmut/Erth      ########     0%          4    None
e - Lee's Rapid Deconstr  Erth           ########..   0%          5    None
f - Shatter               Erth           ########..   1%          9    None
g - Iron Shot             Conj/Erth      ########..   1%          6    None
h - Statue Form           Tmut/Erth      ########.    1%          6    None
i - Fire Storm            Conj/Fire      #######...   58%         9    None
j - Spellforged Servitor  Conj/Summ      #######...   1%          7    None
k - Orb of Destruction    Conj           ########..   1%          7    None
l - Lehudib's Crystal Sp  Conj/Erth      ########..   1%          8    None
m - Absolute Zero         Ice            ######....   100%        9    None

Your spell library contained the following spells:

 Spells                   Type           Power        Failure   Level  Hunger
 Foxfire                  Conj/Fire      ####         0%          1    None
 Summon Butterflies       Summ           #######.     0%          1    None
 Summon Small Mammal      Summ           ####         0%          1    None
 Animate Skeleton         Necr           N/A          1%          1    None
 Apportation              Tloc           ######       1%          1    None
 Corona                   Hex            ######.      1%          1    None
 Freeze                   Ice            ####         1%          1    None
 Infusion                 Chrm           ####         1%          1    None
 Pain                     Necr           ####         1%          1    None
 Blink                    Tloc           N/A          1%          2    None
 Call Imp                 Summ           #######.     1%          2    None
 Corpse Rot               Necr/Air       N/A          1%          2    None
 Shroud of Golubria       Chrm/Tloc      ######       1%          2    None
 Song of Slaying          Chrm           ######..     1%          2    None
 Sublimation of Blood     Necr           ######....   1%          2    None
 Swiftness                Chrm/Air       ######..     1%          2    None
 Call Canine Familiar     Summ           #######.     1%          3    None
 Confusing Touch          Hex            ######..     1%          3    None
 Conjure Flame            Conj/Fire      #######.     1%          3    None
 Frozen Ramparts          Ice            ######       1%          3    None
 Gell's Gravitas          Tloc           ######....   1%          3    None
 Ignite Poison            Fire/Tmut/Pois ######..     1%          3    None
 Inner Flame              Hex/Fire       ######..     1%          3    None
 Lesser Beckoning         Tloc           ######....   1%          3    None
 Ozocubu's Armour         Chrm/Ice       ######..     1%          3    None
 Recall                   Summ/Tloc      N/A          1%          3    None
 Spectral Weapon          Hex/Chrm       ######..     1%          3    None
 Spider Form              Tmut/Pois      ######....   1%          3    None
 Summon Guardian Golem    Hex/Summ       ######..     1%          3    None
 Teleport Other           Tloc           ######..     1%          3    None
 Tukima's Dance           Hex            ######..     1%          3    None
 Vampiric Draining        Necr           ######....   1%          3    None
 Animate Dead             Necr           N/A          1%          4    None
 Dispel Undead            Necr           ######..     1%          4    None
 Hailstorm                Conj/Ice       #######.     1%          4    None
 Ice Form                 Ice/Tmut       ######..     1%          4    None
 Leda's Liquefaction      Hex/Erth       ########..   1%          4    None
 Passage of Golubria      Tloc           N/A          1%          4    None
 Sticky Flame             Conj/Fire      #######.     1%          4    None
 Summon Ice Beast         Ice/Summ       ######..     1%          4    None
 Summon Lightning Spire   Summ/Air       #######.     1%          4    None
 Alistair's Intoxication  Tmut/Pois      ######..     1%          5    None
 Aura of Abjuration       Summ           #######...   1%          5    None
 Bolt of Magma            Conj/Fire/Erth ########..   1%          5    None
 Borgnjor's Vile Clutch   Necr/Erth      ########..   1%          5    None
 Fireball                 Conj/Fire      #######...   1%          5    None
 Irradiate                Conj/Tmut      #######...   1%          5    None
 Iskenderun's Battlesphe  Conj/Chrm      #######.     1%          5    None
 Summon Demon             Summ           #######...   1%          5    None
 Summon Forest            Summ/Tloc      ######....   1%          5    None
 Summon Mana Viper        Hex/Summ       ######..     1%          5    None
 Freezing Cloud           Conj/Ice/Air   #######...   1%          6    None
 Shadow Creatures         Summ           N/A          1%          6    None
 Starburst                Conj/Fire      #######...   1%          6    None
 Agony                    Necr           ######..     2%          5    None
 Excruciating Wounds      Chrm/Necr      ######....   2%          5    None
 Metabolic Englaciation   Hex/Ice        ######....   2%          5    None
 Hydra Form               Tmut           #######...   2%          6    None
 Ozocubu's Refrigeration  Ice            ######....   4%          6    None
 Eringya's Noxious Bog    Tmut/Pois      ######....   6%          6    None
 Monstrous Menagerie      Summ           #######...   7%          7    None
 Summon Greater Demon     Summ           #######...   7%          7    None
 Darkness                 Hex            ######....   14%         6    None
 Death Channel            Necr           ######....   14%         6    None
 Invisibility             Hex            ######..     14%         6    None
 Simulacrum               Ice/Necr       ######....   14%         6    None
 Dragon Form              Tmut           #######...   16%         7    None
 Malign Gateway           Summ/Tloc      ######....   22%         7    None
 Ring of Flames           Chrm/Fire      ######....   45%         7    None
 Summon Horrible Things   Summ           #######...   45%         8    None
 Ignition                 Fire           ######....   50%         8    None
 Dragon's Call            Summ           #######...   100%        9    None


Dungeon Overview and Level Annotations

Branches:
Dungeon (15/15)            Temple (1/1) D:6            Lair (6/6) D:11
 Shoals (4/4) Lair:2        Snake (4/4) Lair:3        Slime (5/5) Lair:5
    Orc (2/2) D:12            Elf (3/3) Orc:2        Vaults (5/5) D:13
  Crypt (0/3) Vaults:2     Depths (5/5) D:15            Zot (1/5) Depths:5
  IceCv (visited)          WizLab (visited)

Altars:
Ashenzari
Cheibriados
Dithmenos
Elyvilon
Fedhas
Gozag
Hepliaklqana
Kikubaaqudgha
Makhleb
Nemelex Xobeh
Okawaru
Qazlal
Ru
Sif Muna
Trog
Uskayaw
Vehumet
Wu Jian
Xom
Yredelemnul
Zin
The Shining One
Jiyva

Shops:
D:9 !   D:10 [   Orc:2 !(:?   Snake:1 (:}[*   Vaults:1 ?   Depths:5 ==}

Portals:
Hell: Lair:6 Depths:1 Depths:2 Depths:3 Depths:4 Depths:5
Abyss: Depths:3 Depths:4
Pandemonium: Depths:3 Depths:4
Ziggurat: Depths:4

Annotations:
D:4 2 transporters, wojtek's ghost, amateur MiFi
D:6 1 exclusion
D:7 1 runed translucent door, 1 exclusion, Dirian's ghost, novice MiFi
D:8 3 runed translucent doors, xccam's ghost, novice OpAs
D:12 1 exclusion
Lair:1 1 exclusion
Lair:4 2 transporters, Skimidon's ghost, journeyman TrFi
Slime:5 1 exclusion
Elf:2 4 exclusions


Innate Abilities, Weirdness & Mutations

Scrolls take you a little longer to read.


Message History

The black draconian misses your death cob.
Unknown command.
Unknown command.
Unknown command.
Your death cob hits the black draconian!!
Your death cob drains the black draconian's vigour!
The black draconian seems to slow down.
Your death cob hits the black draconian!
Your death cob drains the black draconian's vigour!
The black draconian seems to slow down.
Your tentacled monstrosity barely misses the black draconian.
Your tentacled monstrosity tentacle-slaps the black draconian!
Your tentacled monstrosity tentacle-slaps the black draconian.
Your tentacled monstrosity constricts the black draconian!
Your death cob hits the black draconian!!
Your death cob drains the black draconian's vigour!
The black draconian seems to slow down.
The red draconian breathes flames at you.
The searing blast hits your death cob!! The searing blast hits you! You resist.
You die...

... ..... .)...
..... ...
#####.. . . ...
#....# .#.# ....
#.∩..#...#
....#.@..#..#
#..###...#
#.#.)##zzX#
##))†)#dd#.....
#..dd).d.# ....
......#.........
..... ##.##.#.##
...# #.. .# #.
##.. #


You could see a black draconian (berserk, slow), 2 draconians, a friendly
tentacled monstrosity (summoned), a friendly curse toe (summoned) and a friendly
death cob (summoned).

Vanquished Creatures
  the Royal Jelly (Slime:5)
  Mara (Vaults:5)
  An ancient lich (WizLab)
  Vashnia (Snake:3)
  2 golden dragons
  Nikola (Shoals:3)
  2 liches
  Jorgrun (Snake:2)
  4 tentacled monstrosities
  A quicksilver dragon (Vaults:5)
  6 titans
  13 acid blobs
  2 deep elf master archers (Elf:3)
  A sphinx (Vaults:1)
  A death cob (Zot:1)
  3 shadow dragons
  Roxanne (Snake:4)
  2 ancient champions (WizLab)
  3 tengu reavers
  6 draconian monks
  Donald (Shoals:2)
  10 nagarajas
  7 azure jellies
  An iron dragon (Depths:4)
  7 fire giants
  5 frost giants
  5 deep elf sorcerers
  2 draconian scorchers
  4 deep elf elementalists (Elf:3)
  Aizul (Snake:1)
  An orc warlord (Orc:1)
  10 vault wardens
  A balrug (Depths:3)
  6 ironheart preservers
  5 war gargoyles
  A draconian annihilator (Depths:5)
  17 stone giants
  24 very ugly things
  A spriggan defender (Depths:3)
  The ghost of Graouh the Peltast, a journeyman MiFi of Okawaru (D:15)
  3 vampire knights
  3 deep elf annihilators (Elf:3)
  3 green draconians
  2 black draconians (Depths:5)
  4 purple draconians
  2 spark wasps (Depths:4)
  4 white draconians
  5 deep elf demonologists (Elf:3)
  4 red draconians
  An eidolon (Vaults:2)
  5 deep elf death magi
  Snorg (D:11)
  7 death oozes
  15 ettins
  A green death (Depths:4)
  6 merfolk impalers
  11 fire dragons
  5 merfolk javelineers
  17 yaktaur captains
  3 jiangshi
  2 rakshasas (Depths:4)
  5 ogre magi
  6 hydras
  14 ice dragons
  3 deep elf high priests (Elf:3)
  14 naga warriors
  8 great orbs of eyes
  A caustic shrike simulacrum (Depths:1)
  31 vault guards
  Harold (D:7)
  Erica (D:9)
  17 anacondas
  A hell beast (Depths:1)
  An ice dragon (shapeshifter) (Depths:2)
  11 centaur warriors
  Fannar (Orc:1)
  2 spriggan air magi (Depths:4)
  3 merfolk avatars
  19 dancing weapons
  5 deep troll shamans
  8 death yaks
  11 two-headed ogres
  2 merfolk aquamancers
  A vampire mage (Depths:5)
  2 death knights (Vaults:2)
  2 satyrs (Shoals:4)
  3 deep troll earth magi
  4 tengu warriors
  3 spriggans
  Sonja (D:10)
  13 naga sharpshooters
  7 shock serpents
  A sun demon (Lair:6)
  6 spriggan berserkers
  11 deep elf knights
  Nergalle (D:10)
  A hell knight (D:15)
  5 skeletal warriors
  2 iron trolls
  A shadow wraith (Vaults:1)
  15 sea snakes
  2 unseen horrors
  3 flayed ghosts
  4 salamander mystics (Snake:4)
  A death drake (Depths:5)
  9 deep trolls
  12 wizards
  A golden dragon skeleton (Depths:4)
  9 naga ritualists (Snake:4)
  5 glowing orange brains
  16 ironbrand convokers
  A kraken simulacrum (Shoals:4)
  7 mana vipers
  2 phantasmal warriors
  2 necromancers
  7 lindwurms (Depths:5)
  A lindwurm (shapeshifter) (Vaults:5)
  7 deep elf archers
  Pikel (D:7)
  33 deep elf magi
  2 wolf spider zombies (D:14)
  4 shining eyes
  6 harpies
  13 orc knights
  35 ugly things
  A frost giant zombie (Depths:4)
  2 wolf spiders
  7 cyclopes
  2 oklob plants (Lair:1)
  An orc sorcerer (Vaults:2)
  A salamander (shapeshifter) (Vaults:2)
  10 salamanders
  12 manticores
  5 elephants (Lair:6)
  A human skeleton (Vaults:3)
  2 moths of wrath (Zot:1)
  4 merfolk sirens
  A sphinx skeleton (Depths:4)
  A manticore (shapeshifter) (Vaults:3)
  4 guardian serpents (Snake:4)
  A guardian serpent (shapeshifter) (Depths:4)
  A stone giant skeleton (Vaults:5)
  5 eyes of devastation
  14 naga magi
  A water nymph (shapeshifter) (D:15)
  Maurice (D:9)
  A rust devil (Depths:1)
  Psyche (D:8)
  A torpor snail (Lair:2)
  Joseph (D:8)
  2 gargoyles
  34 black mambas
  4 centaur skeletons
  3 water nymphs
  A human zombie (Vaults:3)
  7 vault sentinels
  3 orange demons
  3 kobold demonologists (D:12)
  15 spiny frogs
  An ice statue (IceCv)
  43 yaktaurs
  7 rime drakes
  Maggie (D:6)
  9 freezing wraiths
  10 komodo dragons
  A hellwing (Lair:6)
  5 ice devils
  13 merfolk
  A harpy zombie (D:15)
  A tengu conjurer (D:15)
  A meliai (shapeshifter) (Vaults:1)
  A red devil (Depths:3)
  17 polar bears
  6 trolls
  2 trolls (shapeshifter)
  9 wind drakes
  4 hornets
  A polar bear (shapeshifter) (Depths:3)
  14 blink frogs (Lair:6)
  2 wind drakes (shapeshifter)
  Grinder (D:4)
  A raiju (shapeshifter) (Depths:1)
  Prince Ribbit (D:7)
  10 hippogriffs
  60 slime creatures
  11 snapping turtles
  7 dream sheep
  A blink frog (shapeshifter) (Elf:2)
  2 spriggans (shapeshifter)
  Sigmund (D:5)
  2 shadows (D:15)
  A tarantella (shapeshifter) (Vaults:1)
  2 air elementals (Elf:1)
  A wraith (D:15)
  2 wyverns
  16 water elementals
  9 humans (D:13)
  3 basilisks
  A basilisk (shapeshifter) (Depths:5)
  3 fire elementals
  3 golden eyes (Slime:3)
  A hog (shapeshifter) (Depths:1)
  3 vampires (WizLab)
  64 yaks
  2 hungry ghosts
  3 chaos spawn (Depths:4)
  A golden eye (shapeshifter) (Vaults:2)
  A deep troll zombie (Vaults:3)
  A vampire mosquito (D:13)
  2 two-headed ogre zombies (WizLab)
  45 nagas
  3 wargs
  10 porcupines
  Edmund (D:5)
  17 water moccasins
  6 acid dragons
  2 soldier ants
  4 hell hounds (Lair:6)
  4 swamp drakes (Depths:5)
  4 ice beasts
  A hornet zombie (D:14)
  52 orc warriors
  6 sky beasts
  A necrophage (D:8)
  A black bear (D:6)
  4 eyes of draining
  An elf simulacrum (Vaults:5)
  An elf zombie (Vaults:3)
  27 wolves
  4 boggarts
  13 ogres
  27 centaurs
  10 crocodiles
  Blork the orc (D:4)
  A nameless horror (Snake:2)
  14 bullfrogs
  4 gnoll sergeants (D:12)
  7 big kobolds (D:12)
  An ogre simulacrum (Vaults:1)
  5 earth elementals
  A water moccasin skeleton (D:6)
  2 scorpions
  A wyvern skeleton (D:9)
  6 wights
  An electric eel (Lair:3)
  3 howler monkeys
  2 bullfrog zombies
  3 centaur zombies
  2 quasits (Depths:3)
  9 crimson imps
  2 hounds
  17 orc priests
  2 bullfrog skeletons
  7 jellies
  2 iron imps (Depths:3)
  3 iguanas
  8 worker ants
  24 orc wizards
  2 ogre zombies (WizLab)
  2 hound skeletons
  A hound zombie (D:6)
  2 howler monkey zombies
  16 adders
  9 gnolls
  A shadow imp (D:13)
  12 white imps (D:12)
  An ufetubus (Depths:3)
  3 adder skeletons
  An adder zombie (D:5)
  4 worms (D:2)
  5 leopard geckos
  88 orcs
  5 bats
  4 giant cockroaches
  4 hobgoblins
  4 quokkas
  A frilled lizard (D:4)
  3 goblins
  2 jackal zombies
  4 kobolds
  3 rats
  4 plants
1765 creatures vanquished.

Vanquished Creatures (collateral kills)
  A golden dragon (Depths:4)
  A titan (Depths:3)
  2 liches
  2 deep elf blademasters (Elf:3)
  4 acid blobs (Slime:5)
  Polyphemus (Shoals:4)
  A sphinx (Vaults:5)
  5 storm dragons
  3 shadow dragons
  5 tengu reavers
  2 azure jellies (Slime:5)
  2 draconian monks (Depths:5)
  3 nagarajas
  Ilsuiw (Shoals:4)
  2 fire giants
  6 vault wardens
  5 frost giants
  A deep elf sorcerer (Elf:1)
  A deep elf elementalist (Vaults:5)
  4 ironheart preservers
  A draconian annihilator (Depths:5)
  10 very ugly things
  3 stone giants
  A deep elf annihilator (Elf:3)
  A deep elf demonologist (Elf:3)
  3 white draconians (Depths:5)
  A red draconian (Depths:5)
  A purple draconian (Depths:5)
  2 merfolk javelineers (Shoals:4)
  A yaktaur captain (Vaults:1)
  A fire dragon (Depths:4)
  7 great orbs of eyes
  A jiangshi (Depths:2)
  4 merfolk impalers
  2 death oozes (Slime:5)
  10 vault guards
  A catoblepas (Shoals:4)
  4 anacondas
  7 naga warriors
  5 two-headed ogres
  A merfolk aquamancer (Shoals:4)
  2 tengu warriors
  8 dancing weapons
  A deep troll shaman (Depths:2)
  A vampire mage (Depths:2)
  A death yak (Shoals:4)
  A deep troll earth mage (Depths:4)
  A satyr (Shoals:2)
  6 naga sharpshooters
  2 deep elf knights (Elf:2)
  A titan zombie (Vaults:5)
  A spriggan berserker (Depths:4)
  A hell knight (Depths:4)
  4 skeletal warriors (WizLab)
  A sea snake (Shoals:1)
  A salamander mystic (Snake:3)
  2 deep elf archers (Elf:3)
  3 naga ritualists
  8 deep trolls
  3 phantasmal warriors (Vaults:5)
  3 ironbrand convokers
  A necromancer (Vaults:5)
  4 deep elf magi
  2 orc knights
  6 harpies
  2 mana vipers
  A faun (Shoals:3)
  2 salamanders
  A manticore (Shoals:4)
  A frost giant skeleton (Vaults:5)
  6 black mambas
  A moth of wrath (Zot:1)
  17 ugly things
  A cyclops (Shoals:4)
  A shining eye (Slime:3)
  A guardian serpent (Snake:4)
  An elf zombie (Depths:4)
  3 naga magi
  2 vault sentinels (Vaults:2)
  A water nymph (Shoals:3)
  14 yaktaurs
  A tengu conjurer (Depths:1)
  32 slime creatures
  A wind drake (Shoals:4)
  6 merfolk
  A snapping turtle (Shoals:2)
  A human simulacrum (Vaults:5)
  3 dream sheep
  A ynoxinul (Depths:3)
  2 water elementals
  A redback (shapeshifter) (Vaults:5)
  A vampire (WizLab)
  A fire elemental (Elf:3)
  A warg (Vaults:3)
  A human zombie (Depths:4)
  16 nagas
  4 two-headed ogre zombies (WizLab)
  A hell hound (Depths:1)
  2 eyes of draining (Slime:5)
  2 orc warriors (Vaults:3)
  4 ogres
  5 troll zombies (WizLab)
  4 wights (WizLab)
  An orc wizard (Vaults:3)
  7 ogre zombies (WizLab)
  An orc (Vaults:1)
  A plant (Shoals:3)
339 creatures vanquished.

Vanquished Creatures (others)
  A harpy (Shoals:4)
  A merfolk (Shoals:3)
  A wind drake (Shoals:4)
  A slime creature (Depths:4)
  2 slaves (D:7)
  2 orc priests
  8 fungi
  30 plants
  8 tentacles (Shoals:4)
54 creatures vanquished.

Grand Total: 2158 creatures vanquished

Notes
Turn   | Place    | Note
-------+----------+-------------------------------------------
     0 | D:1      | protoss039 the Deep Elf Earth Elementalist began the quest
                  | for the Orb.
     0 | D:1      | Reached XP level 1. HP: 10/10 MP: 6/6
    17 | D:1      | You fall into a shaft and drop 1 floor!
   101 | D:2      | Reached XP level 2. HP: 15/15 MP: 5/8
   371 | D:2      | Reached XP level 3. HP: 19/19 MP: 6/9
   380 | D:2      | Learned a level 2 spell: Passwall
   384 | D:2      | Learned a level 3 spell: Stone Arrow
   669 | D:2      | Reached skill level 4 in Spellcasting
   833 | D:2      | Found a shimmering altar of Xom.
   842 | D:2      | Reached XP level 4. HP: 24/24 MP: 9/12
  2635 | D:3      | Found an ancient bone altar of Kikubaaqudgha.
  2705 | D:3      | Reached skill level 5 in Spellcasting
  2705 | D:3      | Reached skill level 5 in Earth Magic
  2705 | D:3      | Reached XP level 5. HP: 25/28 MP: 8/14
  3231 | D:4      | Noticed Blork the orc
  3239 | D:4      | Killed Blork the orc
  3483 | D:4      | Reached skill level 6 in Spellcasting
  3483 | D:4      | Reached XP level 6. HP: 32/32 MP: 11/17
  3598 | D:4      | Found a snail-covered altar of Cheibriados.
  3600 | D:4      | Found a transporter.
  3668 | D:4      | Noticed Grinder
  3675 | D:4      | Paralysed by Grinder for 2 turns
  3686 | D:4      | Killed Grinder
  3686 | D:4      | Reached skill level 7 in Spellcasting
  3686 | D:4      | Reached XP level 7. HP: 36/36 MP: 4/19
  3917 | D:4      | Found a transporter.
  4046 | D:4      | Noticed wojtek's ghost (amateur MiFi)
  4072 | D:4      | Learned a level 4 spell: Petrify
  4073 | D:5      | Entered Level 5 of the Dungeon
  4080 | D:5      | Learned a level 5 spell: Lee's Rapid Deconstruction
  4139 | D:5      | Noticed Edmund
  4377 | D:5      | Noticed Sigmund
  4379 | D:5      | Killed Edmund
  4393 | D:5      | Killed Sigmund
  4393 | D:5      | Reached skill level 8 in Spellcasting
  4822 | D:5      | Reached XP level 8. HP: 42/42 MP: 7/22
  4977 | D:5      | Found a blossoming altar of Fedhas.
  5235 | D:6      | Reached skill level 1 in Fighting
  5441 | D:6      | Reached skill level 9 in Spellcasting
  5737 | D:6      | Found a shadowy altar of Dithmenos.
  6213 | D:6      | Noticed Maggie
  6219 | D:6      | Killed Maggie
  6219 | D:6      | Reached skill level 10 in Spellcasting
  6553 | D:6      | Found a staircase to the Ecumenical Temple.
  6578 | D:7      | Reached skill level 11 in Spellcasting
  6692 | Temple   | Entered the Ecumenical Temple
  6699 | Temple   | Became a worshipper of Vehumet
  6776 | D:7      | Reached XP level 9. HP: 47/47 MP: 18/26
  6779 | D:7      | Noticed Harold
  6847 | D:7      | Found a hazy altar of Hepliaklqana.
  6984 | D:7      | Noticed Prince Ribbit
  6995 | D:7      | Killed Prince Ribbit
  6995 | D:7      | Reached skill level 12 in Spellcasting
  7245 | D:7      | Noticed Pikel
  7248 | D:7      | Killed Pikel
  7253 | D:7      | Killed Harold
  7253 | D:7      | Reached skill level 14 in Spellcasting
  7253 | D:7      | Reached skill level 5 in Conjurations
  7664 | D:7      | Found a runed translucent door.
  7669 | D:7      | Noticed Dirian's ghost (novice MiFi)
  7684 | D:7      | Found an opulent altar of Gozag.
  7698 | D:7      | Reached * piety under Vehumet
  7698 | D:7      | Offered knowledge of Foxfire by Vehumet.
  7829 | D:7      | Found a hide-covered altar of Uskayaw.
  7969 | D:8      | Found an opulent altar of Gozag.
  7973 | D:8      | Reached XP level 10. HP: 52/52 MP: 21/30
  8014 | D:8      | Noticed Joseph
  8115 | D:8      | Found a sacrificial altar of Ru.
  8124 | D:8      | Noticed Psyche
  8129 | D:8      | Killed Psyche
  8287 | D:8      | Reached skill level 15 in Spellcasting
  8607 | D:8      | Killed Joseph
  8813 | D:8      | Found a runed translucent gate.
  8813 | D:8      | Found a runed translucent gate.
  8813 | D:8      | Found a runed translucent gate.
  8814 | D:8      | Found an opulent altar of Gozag.
  8815 | D:8      | Noticed xccam's ghost (novice OpAs)
  9212 | D:8      | Found an ornate altar of the Wu Jian Council.
  9371 | D:9      | Offered knowledge of Shock by Vehumet.
  9373 | D:9      | Reached ** piety under Vehumet
  9544 | D:9      | Noticed Maurice
  9552 | D:9      | Killed Maurice
  9552 | D:9      | Reached skill level 16 in Spellcasting
  9647 | D:9      | Found Xygig's Distillery.
 10061 | D:9      | Noticed Erica
 10068 | D:9      | Killed Erica
 10068 | D:9      | Reached skill level 17 in Spellcasting
 10662 | D:10     | Entered Level 10 of the Dungeon
 10750 | D:10     | Reached XP level 11. HP: 56/56 MP: 25/34
 10817 | D:10     | Found Wocyssamn's Armour Shop.
 10911 | D:10     | Noticed Sonja
 10916 | D:10     | Killed Sonja
 11245 | D:10     | Offered knowledge of Conjure Flame by Vehumet.
 11245 | D:10     | Reached skill level 1 in Shields
 11453 | D:10     | Noticed Nergalle
 11460 | D:10     | Killed Nergalle
 11654 | D:11     | Reached skill level 18 in Spellcasting
 11869 | D:11     | Reached *** piety under Vehumet
 11907 | D:11     | Noticed a wizard
 11916 | D:11     | Killed a wizard
 12019 | D:11     | Noticed a wizard
 12030 | D:11     | Noticed a wizard
 12034 | D:11     | Killed a wizard
 12034 | D:11     | Killed a wizard
 12056 | D:11     | Noticed a wizard
 12057 | D:11     | Killed a wizard
 12113 | D:11     | Noticed a wizard
 12116 | D:11     | Killed a wizard
 12116 | D:11     | Reached skill level 19 in Spellcasting
 12151 | D:11     | Noticed a wizard
 12152 | D:11     | Noticed a wizard
 12160 | D:11     | Killed a wizard
 12160 | D:11     | Killed a wizard
 12191 | D:11     | Noticed Snorg
 12197 | D:11     | Killed Snorg
 12355 | D:11     | Noticed a wizard
 12366 | D:11     | Killed a wizard
 12366 | D:11     | Reached XP level 12. HP: 62/62 MP: 26/37
 12527 | D:11     | Found the +3 warlock's mirror {reflect}
 12548 | D:11     | Reached skill level 20 in Spellcasting
 12676 | D:11     | Offered knowledge of Airstrike by Vehumet.
 12789 | D:11     | Learned a level 4 spell: Airstrike
 13022 | D:11     | Found a staircase to the Lair.
 13559 | D:12     | Reached **** piety under Vehumet
 13570 | D:12     | Found a frozen archway.
 13575 | D:12     | Offered knowledge of Olgreb's Toxic Radiance by Vehumet.
 13640 | IceCv    | Entered an ice cave
 14191 | IceCv    | Reached skill level 21 in Spellcasting
 14507 | IceCv    | Noticed a frost giant
 14507 | IceCv    | Noticed a death yak
 15098 | IceCv    | Reached ***** piety under Vehumet
 15104 | IceCv    | Offered knowledge of Hailstorm by Vehumet.
 15104 | IceCv    | Reached skill level 22 in Spellcasting
 15412 | IceCv    | Killed a death yak
 15413 | IceCv    | Killed a frost giant
 15413 | IceCv    | Reached XP level 13. HP: 40/66 MP: 21/41
 16326 | D:12     | Found a staircase to the Orcish Mines.
 16432 | D:13     | Found a flickering gateway to a bazaar.
 16468 | D:13     | Reached skill level 23 in Spellcasting
 16633 | D:13     | Reached skill level 1 in Air Magic
 16822 | Bazaar   | Entered a bazaar
 16851 | Bazaar   | Found Wiqac's Distillery.
 16886 | Bazaar   | Found Xoshra's Distillery.
 16916 | Bazaar   | Found Rimiett's Book Shoppe.
 16983 | Bazaar   | Found Libraat's Antique Armour Emporium.
 17023 | Bazaar   | Found Zieni's Book Shoppe.
 17109 | Bazaar   | Bought a book of the Earth for 585 gold pieces
 17129 | Bazaar   | Bought a potion of lignification for 21 gold pieces
 17129 | Bazaar   | Bought a potion of heal wounds for 35 gold pieces
 17183 | Bazaar   | Bought a potion of cancellation for 96 gold pieces
 17183 | Bazaar   | Bought a potion of flight for 36 gold pieces
 17183 | Bazaar   | Bought a potion of flight for 36 gold pieces
 17183 | Bazaar   | Bought a potion of heal wounds for 60 gold pieces
 17313 | D:12     | Learned a level 6 spell: Iron Shot
 17320 | D:12     | Learned a level 6 spell: Statue Form
 17531 | D:13     | Found a gate to the Vaults.
 18534 | D:14     | Offered knowledge of Lightning Bolt by Vehumet.
 18660 | D:14     | Found a glowing golden altar of the Shining One.
 19121 | D:14     | Reached skill level 10 in Earth Magic
 19713 | D:15     | Entered Level 15 of the Dungeon
 19936 | D:15     | Noticed an ettin
 19944 | D:15     | Killed an ettin
 19944 | D:15     | Reached XP level 14. HP: 66/75 MP: 12/43
 20446 | D:15     | Reached skill level 24 in Spellcasting
 20734 | D:15     | Found a staircase to the Depths.
 20739 | D:15     | Found a runed translucent gate.
 20743 | D:15     | Found a runed translucent gate.
 20743 | D:15     | Found an opulent altar of Gozag.
 20743 | D:15     | Noticed Graouh's ghost (journeyman MiFi)
 20744 | D:15     | Found a runed translucent gate.
 20744 | D:15     | Noticed a vampire knight
 21250 | Lair:1   | Entered Level 1 of the Lair of Beasts
 22195 | Lair:1   | Learned a level 5 spell: Fireball
 22507 | Lair:1   | Offered knowledge of Conjure Ball Lightning by Vehumet.
 22671 | Lair:2   | Found a staircase to the Shoals.
 23153 | Lair:2   | You fall into a shaft and drop 2 floors!
 23389 | Lair:3   | Found a staircase to the Snake Pit.
 23832 | Lair:3   | Found a shimmering altar of Xom.
 23985 | Lair:3   | Reached skill level 5 in Fighting
 25089 | Lair:1   | Reached skill level 1 in Fire Magic
 25366 | Lair:4   | Found a transporter.
 25369 | Lair:4   | Found a transporter.
 25369 | Lair:4   | Noticed Skimidon's ghost (journeyman TrFi)
 26354 | Lair:4   | Upgraded the game from 0.25.0-37-gb73750e0fb to
                  | 0.25.0-45-g978344163c
 27433 | Lair:5   | Found a viscous altar of Jiyva.
 27434 | Lair:5   | Found a staircase to the Slime Pits.
 27605 | Lair:6   | Entered Level 6 of the Lair of Beasts
 27724 | Lair:6   | Offered knowledge of Starburst by Vehumet.
 27967 | Lair:6   | Reached XP level 15. HP: 84/84 MP: 39/45
 28353 | Lair:6   | Reached skill level 25 in Spellcasting
 28909 | Lair:6   | Found a burning altar of Makhleb.
 29103 | Lair:6   | Found a gateway to Hell.
 29780 | Lair:3   | Got an ancient quarterstaff
 29781 | Lair:3   | Identified the +3 quarterstaff of the Maze {vorpal, rElec}
                  | (You found it on level 3 of the Lair of Beasts)
 30005 | Orc:1    | Entered Level 1 of the Orcish Mines
 30154 | Orc:1    | Noticed an orc warlord
 30315 | Orc:1    | Killed an orc warlord
 30730 | Orc:1    | Upgraded the game from 0.25.0-45-g978344163c to
                  | 0.25.0-46-gbd7b0854d2
 30732 | Orc:2    | Entered Level 2 of the Orcish Mines
 30754 | Orc:2    | Found Viuleruh's Distillery.
 30761 | Orc:2    | Bought a potion of degeneration for 18 gold pieces
 31171 | Orc:2    | Offered knowledge of Spellforged Servitor by Vehumet.
 31191 | Orc:2    | Reached skill level 26 in Spellcasting
 31363 | Orc:2    | Found a staircase to the Elven Halls.
 31760 | Orc:2    | Found Suqau's Book Shoppe.
 31760 | Orc:2    | Found Xiaset's Magic Scroll Boutique.
 31907 | Orc:2    | Found Qodem's Book Shop.
 31909 | Orc:2    | Found Xisoiz Sago's Weapon Emporium.
 32337 | Orc:2    | Learned a level 7 spell: Spellforged Servitor
 32538 | Orc:2    | Bought a potion of haste for 180 gold pieces
 32538 | Orc:2    | Bought a potion of ambrosia for 144 gold pieces
 32538 | Orc:2    | Bought a potion of might for 72 gold pieces
 32538 | Orc:2    | Bought a potion of stabbing for 72 gold pieces
 32538 | Orc:2    | Bought a potion of magic for 144 gold pieces
 32584 | Orc:1    | Noticed Fannar
 32591 | Orc:1    | Killed Fannar
 32844 | Orc:2    | Bought a scroll of torment for 105 gold pieces
 32844 | Orc:2    | Bought 2 scrolls of teleportation for 84 gold pieces
 32844 | Orc:2    | Bought a scroll of identify for 28 gold pieces
 32844 | Orc:2    | Bought 2 scrolls of magic mapping for 98 gold pieces
 32844 | Orc:2    | Bought a scroll of blinking for 105 gold pieces
 32844 | Orc:2    | Bought a scroll of identify for 28 gold pieces
 32844 | Orc:2    | Bought a scroll of brand weapon for 280 gold pieces
 33023 | Shoals:1 | Entered Level 1 of the Shoals
 34317 | Shoals:2 | Noticed Donald
 34326 | Shoals:2 | Killed Donald
 34658 | Shoals:2 | Offered knowledge of Orb of Destruction by Vehumet.
 34658 | Shoals:2 | Reached XP level 16. HP: 88/88 MP: 34/48
 34667 | Shoals:2 | Learned a level 7 spell: Orb of Destruction
 34820 | Shoals:2 | Reached skill level 27 in Spellcasting
 34832 | Shoals:2 | Reached skill level 1 in Summonings
 36497 | Shoals:3 | Noticed Nikola
 36512 | Shoals:3 | Killed Nikola
 36512 | Shoals:3 | Reached skill level 5 in Summonings
 36867 | Shoals:4 | Entered Level 4 of the Shoals
 36874 | Shoals:4 | Got a pair of brightly glowing boots
 36885 | Shoals:4 | Identified the +3 pair of boots "Woukhyrph" {*Slow MR+
                  | Str+6} (You found it on level 4 of the Shoals)
 37399 | Shoals:4 | Reached skill level 10 in Conjurations
 37451 | Shoals:4 | Noticed Polyphemus
 37667 | Shoals:4 | Killed Polyphemus
 37846 | Shoals:4 | Reached ****** piety under Vehumet
 38205 | Shoals:4 | Offered knowledge of Ozocubu's Refrigeration by Vehumet.
 38361 | Shoals:4 | Got a barnacled rune of Zot
 38396 | Shoals:4 | Noticed Ilsuiw
 38401 | Shoals:4 | Killed Ilsuiw
 39532 | Snake:1  | Entered Level 1 of the Snake Pit
 40139 | Snake:1  | Found Laedegg's Assorted Antiques.
 40259 | Snake:1  | Reached XP level 17. HP: 93/93 MP: 32/50
 40461 | Snake:1  | Found Cearie Loimp's Gadget Shop.
 40464 | Snake:1  | Found Cimaeniu's Antique Armour Shop.
 40464 | Snake:1  | Found Jagabeikh's Weapon Boutique.
 40467 | Snake:1  | Noticed Aizul
 40474 | Snake:1  | Killed Aizul
 40600 | Snake:1  | Found Codezxob's Book Boutique.
 41146 | Snake:1  | Bought a dazzling leather armour for 175 gold pieces
 41156 | Snake:1  | Identified the +3 leather armour of the Mackerel {Dex+5}
                  | (You bought it in a shop on level 1 of the Snake Pit)
 41167 | Snake:1  | Bought a pair of runed gloves for 187 gold pieces
 41177 | Snake:1  | Bought a pair of runed gloves for 187 gold pieces
 41793 | Snake:2  | Got a warped glaive
 42226 | Snake:2  | Identified the cursed +1 glaive "Lorilit" {freeze, rF-
                  | Int+5 Dex+3} (You found it on level 2 of the Snake Pit)
 42334 | Snake:2  | Noticed Jorgrun
 42365 | Snake:2  | Killed Jorgrun
 43568 | Snake:3  | Offered knowledge of Lehudib's Crystal Spear by Vehumet.
 43568 | Snake:3  | Offered knowledge of Fire Storm by Vehumet.
 43568 | Snake:3  | Offered knowledge of Absolute Zero by Vehumet.
 43580 | Snake:3  | Learned a level 8 spell: Lehudib's Crystal Spear
 43591 | Snake:3  | Learned a level 9 spell: Shatter
 43745 | Snake:3  | Noticed Vashnia
 44314 | Snake:3  | Killed Vashnia
 45081 | Snake:4  | Entered Level 4 of the Snake Pit
 45312 | Snake:4  | Reached skill level 15 in Earth Magic
 45999 | Snake:4  | Reached XP level 18. HP: 103/103 MP: 27/51
 47347 | Snake:4  | Noticed Roxanne
 47361 | Snake:4  | Killed Roxanne
 49311 | Snake:4  | Got a serpentine rune of Zot
 49747 | D:15     | Killed Graouh's ghost
 49971 | Elf:1    | Entered Level 1 of the Elven Halls
 50265 | Elf:1    | Identified the Tome of Slavery
 50588 | Elf:1    | Found a ruined gateway.
 50747 | Elf:1    | Found the +8 autumn katana {vorpal, Clar}
 51203 | Elf:2    | Found a runed translucent gate.
 51203 | Elf:2    | Found a runed translucent gate.
 51574 | Elf:2    | Found a runed translucent gate.
 51849 | Elf:2    | Reached skill level 10 in Fighting
 51948 | Elf:2    | Reached XP level 19. HP: 112/112 MP: 7/52
 52583 | Elf:3    | Entered Level 3 of the Elven Halls
 53435 | Elf:3    | Identified the +8 rapier "Segig" {vorpal, +Blink Dex+2}
 53435 | Elf:3    | Identified the ring of Dasauhaeb {rPois rC+ Str+3}
 53730 | Elf:3    | Identified the +9 trident "Atumuop" {vorpal, MR++}
 53872 | Elf:3    | Identified the +6 rapier "Backscratcher" {vorpal, Fragile
                  | Str+4}
 53881 | Elf:3    | Identified a scroll of acquirement
 54383 | Elf:3    | Acquired 2190 gold pieces
 54410 | Elf:3    | Identified Sif Muna's Collected Works on Summoning
 54618 | Vaults:1 | Entered Level 1 of the Vaults
 54909 | Vaults:1 | Found Pyojysil's Magic Scroll Shop.
 54921 | Vaults:1 | Bought a scroll of fog for 28 gold pieces
 54921 | Vaults:1 | Bought a scroll of blinking for 105 gold pieces
 57485 | Vaults:1 | Learned a level 9 spell: Fire Storm
 57773 | Vaults:2 | Reached XP level 20. HP: 124/124 MP: 38/53
 58597 | Vaults:2 | Found a staircase to the Crypt.
 60931 | Vaults:3 | Reached skill level 5 in Shields
 62661 | Vaults:4 | Found a magical portal.
 62670 | WizLab   | Entered Zonguldrok's Shrine
 62973 | WizLab   | Reached XP level 21. HP: 127/132 MP: 32/54
 63181 | WizLab   | Noticed an antique lich
 63185 | WizLab   | Killed an antique lich
 63188 | WizLab   | Found the +9 sword of Zonguldrok {reap}
 63223 | WizLab   | Identified the Handbook of Unstable Earth
 64126 | Vaults:4 | Reached skill level 10 in Shields
 64383 | Vaults:5 | Entered Level 5 of the Vaults
 65342 | Vaults:5 | Noticed Mara
 65349 | Vaults:5 | Killed Mara
 65384 | Vaults:5 | Noticed a golden dragon
 65784 | Vaults:5 | Got a silver rune of Zot
 66003 | Vaults:5 | Identified the +2 robe of Relativism {+Inv +Fly rC+ Str-2}
 66008 | Vaults:5 | Killed a golden dragon
 66332 | Vaults:5 | Identified the +9 hunting sling of Dung {freeze, rPois}
 66390 | Vaults:5 | Identified the amulet of Jemetocruk {Reflect +Inv rC+ Str+2
                  | SH+5 SInv}
 66395 | Vaults:5 | Identified the cursed +0 plate armour of Death Resistance
                  | {Dex+7}
 66450 | Vaults:5 | Got an iridescent short sword
 66451 | Vaults:5 | Identified the cursed +1 short sword "Ihuob" {vorpal, +Inv
                  | rElec Dex+5} (You found it on level 5 of the Vaults)
 66573 | Vaults:5 | Identified the ring "Jew Qaoq" {rN+ MP+9}
 66585 | Vaults:5 | Reached XP level 22. HP: 104/137 MP: 8/55
 67526 | Vaults:5 | Identified the Papyrus of the Tundras
 68507 | Depths:1 | Entered Level 1 of the Depths
 68856 | Depths:1 | Reached skill level 15 in Shields
 70336 | Depths:2 | Found a runed translucent door.
 70336 | Depths:2 | Found a runed translucent door.
 70492 | Depths:2 | Reached skill level 15 in Fighting
 70622 | Depths:2 | Found a burning altar of Makhleb.
 70926 | Depths:2 | Noticed a golden dragon
 70931 | Depths:2 | Killed a golden dragon
 71482 | Depths:2 | You fall into a shaft and drop 2 floors!
 71496 | Depths:4 | Found a one-way gate leading to the halls of Pandemonium.
 72013 | Depths:4 | Reached XP level 23. HP: 147/147 MP: 36/56
 72027 | Depths:4 | Found a gateway to a ziggurat.
 72286 | Depths:4 | Got a faintly glowing morningstar
 72287 | Depths:4 | Identified the cursed +3 morningstar "Keedoru" {vorpal,
                  | rPois Int+3 Stlth-} (You found it on level 4 of the Depths)
 72693 | Depths:4 | Found a one-way gate to the infinite horrors of the Abyss.
 72995 | Depths:4 | Learned a level 9 spell: Absolute Zero
 73110 | Depths:4 | Identified the Grimoire of Captivating Toxins
 73535 | Depths:3 | Found a shattered altar of Ashenzari.
 76146 | Depths:5 | Entered Level 5 of the Depths
 77130 | Depths:5 | Found Coedoch's Jewellery Shop.
 77137 | Depths:5 | Found Baepp's Jewellery Shop.
 77138 | Depths:5 | Found Deunedogump's Gadget Emporium.
 77347 | Depths:5 | Identified the +9 battleaxe of Execution {protect, rElec}
 77374 | Depths:5 | Reached XP level 24. HP: 152/160 MP: 25/56
 77474 | Depths:5 | Identified the +7 spear of the Open Hand {freeze, Dex+2
                  | Stlth+}
 78728 | Depths:5 | Found a gate to the Realm of Zot.
 78779 | Depths:5 | Got a pair of steaming boots
 78780 | Depths:5 | Identified the +1 pair of boots of the Pure Spreadsheets
                  | {MR+ Int+5} (You found it on level 5 of the Depths)
 79287 | Slime:1  | Entered Level 1 of the Pits of Slime
 79976 | Slime:2  | Gained mutation: Scrolls take you a little longer to read.
                  | [a shining eye]
 80852 | Slime:5  | Entered Level 5 of the Pits of Slime
 81464 | Slime:5  | Found a viscous altar of Jiyva.
 81465 | Slime:5  | Noticed the Royal Jelly
 81495 | Slime:5  | Killed the Royal Jelly
 81762 | Slime:5  | Got a slimy rune of Zot
 81902 | Slime:5  | Got a faintly glowing war axe
 81906 | Slime:5  | Identified the +5 war axe "Guic" {freeze, Int+3} (You found
                  | it on level 5 of the Pits of Slime)
 82659 | Zot:1    | Entered Level 1 of the Realm of Zot
 82677 | Zot:1    | HP: 10/211 [white draconian/+2 long sword of holy wrath
                  | (22)]
 82689 | Zot:1    | Killed from afar by a red draconian

Illustrated notes

Levels and vault maps discovered:
D:1:      evilmike_arrival_plus, layout_loops_ring
D:2:      layout_basic, lemuel_doored_altar
D:3:      layout_basic, overflow_temple_1_default, minmay_misc_feat_columns
D:4:      layout_cave_pools, lemuel_crystal_altar,
          gammafunk_ghost_gnarly_gnolls, first_ration, uniq_blork_the_orc,
          uniq_grinder
D:5:      layout_cave_pools, fedhas_altar_1, uniq_edmund, uniq_sigmund
D:6:      layout_cave_pods, minmay_temple_entry_from_below_a,
          grunt_dithmenos_smoke_and_mirrors, uniq_maggie
D:7:      layout_basic, kennysheep_little_box, lemuel_crystal_altar,
          nicolae_overflow_hidden_temple, ebering_ghost_reflecting_pool,
          uniq_prince_ribbit1, uniq_harold, uniq_pikel
D:8:      layout_basic, old_standard_altar, lemuel_coloured_pillars_altar,
          ebering_ghost_gozag, grunt_gozag_statues, uniq_psyche, uniq_joseph
D:9:      minmay_cornered_nines, layout_basic, serial_shops,
          nicolae_shop_competitors_out_of_business, uniq_erica, uniq_maurice
D:10:     layout_loops_ring, serial_shops, nicolae_shop_crystal, uniq_sonja,
          uniq_nergalle
D:11:     minmay_smoke_and_mirrors, layout_loops_ring, david_lair_shrubbed,
          uniq_snorg
D:12:     layout_small_grid, kennysheep_orc_monster_closet_entryway,
          portal_ice_cave_entry_imps
D:13:     kennysheep_ambush_hall, layout_irregular_city,
          ximxim_vaults_locker_room, serial_shops, bzr_entry_islet
D:14:     layout_cave_pods, minmay_fountain_box, grunt_ogre_cave, minivault_10,
          lemuel_altar_in_water
D:15:     hangedman_depths_entry_civil_slaughter, layout_basic,
          ebering_ghost_gozag, small_statue_intersection,
          minmay_misc_feat_square
Temple:   nicolae_temple_no_exploring_needed
Lair:1:   layout_regular_city, minmay_lair_oklob_chamber
Lair:2:   layout_roguey, elwin_shoals_entry_rocks
Lair:3:   layout_cave_pods, guppyfry_snake_entry_island, basic_altar,
          infiniplex_staircase_pool
Lair:4:   layout_gridlike, gammafunk_ghost_arena, serial_bayou_shore_b
Lair:5:   layout_long_grid, dpeg_slime_entry_enclosed_altar, grunt_megastairs_2
Lair:6:   evil_forest, layout_regular_city
Shoals:1: layout_shoals, nicolae_shoals_stone_sculpture_thing
Shoals:2: layout_shoals, uniq_donald
Shoals:3: layout_shoals, uniq_nikola
Shoals:4: shoals_end_grunt_ice, layout_shoals, shoals_ilsuiw_alternative,
          uniq_polyphemus
Snake:1:  layout_onion, serial_shops, shop, grunt_ministairs_14,
          corexii_hall_statues_x, serial_bayou_pond_a, minmay_shoptagon,
          uniq_aizul
Snake:2:  layout_onion, hangedman_snake_sidewinding, grunt_megastairs_3,
          uniq_jorgrun
Snake:3:  layout_chambers, serial_bayou_shore_a, uniq_vashnia
Snake:4:  johnstein_snake_rune_scales, layout_misc_corridors,
          nicolae_snake_linked_coils, serial_bayou_shore_b, uniq_roxanne
Slime:1:  layout_caves
Slime:2:  layout_caves
Slime:3:  layout_caves
Slime:4:  layout_caves
Slime:5
Orc:1:    layout_caves, serial_shops, uniq_fannar
Orc:2:    st_orc_rangers, layout_diamond_mine, serial_shops,
          nicolae_shop_statue_plus, nicolae_orc_lava_room
Elf:1:    layout_loops_corners, portal_desolation_entry_nicolae_slug,
          minmay_elf_demonology
Elf:2:    layout_loops_cross
Elf:3:    elf_hall, layout_geoelf_diagonals
Vaults:1: hangedman_vaults_corner_blocks, vaults_room_corners,
          vaults_room_guarded_vault, nicolae_vaults_network_periphery,
          v_rooms_4, v_rooms_2, v_rooms_5, hangedman_vaults_slither,
          vaults_dpeg_diagonal, vaults_room_pool, nicolae_vaults_circle_grid_b,
          vaults_dpeg_ring, nicolae_vaults_angled_halls, ontoclasm_vaults_fault,
          layout_vaults_omnibox, serial_shops, shop
Vaults:2: v_misc_32, v_misc_11, nicolae_vaults_big_ls, hangedman_vaults_stream,
          minmay_crypt_entry_simple_round, grunt_vaults_diagonal,
          hangedman_vaults_maws, nicolae_vaults_windows_and_doors_thing,
          hangedman_vaults_impose, layout_vaults_quadrants
Vaults:3: ontoclasm_vaults_claustrophobia, nicolae_vaults_specimen_jars,
          nicolae_vaults_little_squares_6, nicolae_vaults_big_angled_halls,
          nicolae_vaults_gold_heap, vaults_room_boxed,
          vaults_standard_mumra_enter_the_diamond, vaults_dpeg_spiral,
          v_alt_pattern_1, hangedman_vaults_hat, vaults_room_semicircle,
          nicolae_vaults_display_case, layout_vaults_ring
Vaults:4: nicolae_vaults_three_branches, nicolae_vaults_puzzle_piece,
          hangedman_vaults_river_flow, hangedman_vaults_snaps,
          ontoclasm_vaults_gateway, ontoclasm_vaults_chip,
          ontoclasm_vaults_chip, layout_vaults_big_room, mu_enter_wizlab_5
Vaults:5: uniq_mara
Depths:1: layout_cave_pools, grunt_mini_vestibule, minmay_hedge_maze,
          grunt_decor_mini_mirrors, minmay_tree_intersection,
          minmay_misc_feat_x, wad_scary_box
Depths:2: minmay_the_grid_triangle_9x9_rhombus_full
          [minmay_the_grid_triangle_9x9_wacky_v,
          minmay_the_grid_triangle_9x9_shrine,
          minmay_the_grid_triangle_9x9_sprig,
          minmay_the_grid_triangle_9x9_corrupted_corridor,
          minmay_the_grid_triangle_9x9_tough_junction,
          minmay_the_grid_triangle_9x9_thin_v,
          minmay_the_grid_triangle_9x9_cache,
          minmay_the_grid_triangle_9x9_prize_center], layout_gridlike,
          pf_hell_entry_great_geh, minmay_misc_feat_rugged,
          infiniplex_staircase_pool_lava
Depths:3: minmay_shrinking_squares, layout_gridlike, grunt_pan_entry_zigzag,
          hell_entry, nicolae_ashenzari_panopticon, abyss_entry,
          infiniplex_staircase_9_rooms
Depths:4: wad_guarded_room, layout_basic, enter_ziggurat_d, hell_entry,
          abyss_entry_small_statue_room, minmay_misc_feat_five,
          rand_demon_pan_entry_3, serial_bayou_shore_b
Depths:5: lemuel_castle_with_subvaults [lemuel_castle_interior_carwin_1],
          layout_honeycomb, grunt_decor_arrowhead, hell_entry, minmay_shop_grove
Zot:1:    layout_misc_corridors, zot_minivault_3

Skill      XL: |  1  2  3  4  5  6  7  8  9 10 11 12 13 14 15 16 17 18 19 20 21 22 23 24 |
---------------+-------------------------------------------------------------------------+-----
Dodging        | 3 |  3.0
Earth Magic    | 4 5 6 8 10 12 15 18 20 21 | 21.4
Stealth        | 3 |  3.0
Spellcasting   | 4 5 6 7 8 11 14 17 19 22 23 24 26 27 | 27.0
Conjurations   | 2 4 5 6 8 12 14 | 14.0
Fighting       | 1 2 3 5 6 8 10 13 14 16 18 20 | 20.0
Shields        | 3 4 8 13 15 | 15.0
Air Magic      | 2 |  2.0
Transmutations | 3 4 |  4.0
Fire Magic     | 2 |  2.0
Summonings     | 6 |  6.0

Action                   |  1- 3 |  4- 6 |  7- 9 | 10-12 | 13-15 | 16-18 | 19-21 | 22-24 || total
-------------------------+-------+-------+-------+-------+-------+-------+-------+-------++-------
Melee: Dagger            |       |       |       |     3 |    12 |       |       |       ||    15
       Staff             |       |       |       |     2 |     7 |     1 |    22 |    16 ||    48
 Cast: Sandblast         |    24 |    53 |    58 |   119 |    59 |     1 |    11 |    36 ||   361
       Stone Arrow       |     2 |     7 |    65 |   156 |   151 |       |    15 |    17 ||   413
       Lee's Rapid Decon |       |       |    16 |    84 |   137 |   127 |   147 |   183 ||   694
       Petrify           |       |       |       |     2 |     5 |     2 |     2 |     6 ||    17
       Iron Shot         |       |       |       |       |   310 |   376 |   242 |   330 ||  1258
       Statue Form       |       |       |       |       |    17 |    27 |    46 |    27 ||   117
       Fireball          |       |       |       |       |    22 |     1 |       |       ||    23
       Passwall          |       |       |       |       |     1 |       |       |       ||     1
       Spellforged Servi |       |       |       |       |     2 |    58 |    74 |    57 ||   191
       Airstrike         |       |       |       |       |     1 |       |       |       ||     1
       Orb of Destructio |       |       |       |       |       |    32 |     6 |    23 ||    61
       Lehudib's Crystal |       |       |       |       |       |    33 |   111 |    75 ||   219
       Shatter           |       |       |       |       |       |     2 |     2 |     2 ||     6
 Abil: End Transformatio |       |       |       |       |    16 |    27 |    46 |    26 ||   115
Evoke: Wand              |       |       |     3 |     4 |       |       |     1 |       ||     8
  Use: Scroll            |       |       |    10 |     6 |    13 |    13 |    22 |     7 ||    71
       Potion            |       |       |       |     3 |     4 |     6 |     8 |     6 ||    27
 Stab: Petrified         |       |       |       |       |       |       |       |     2 ||     2
       Petrifying        |       |       |       |       |       |       |       |     1 ||     1
  Eat: Chunk             |       |     8 |    13 |    20 |    56 |    31 |    38 |    35 ||   201
       Ration            |       |       |     1 |     1 |       |     7 |     2 |     4 ||    15
Armor: Robe              |     1 |       |     6 |    35 |    39 |    18 |    16 |    26 ||   141
       Skin              |       |     1 |       |       |    82 |    64 |   241 |   184 ||   572
       Steam dragon scal |       |       |       |    12 |       |       |       |       ||    12
Dodge: Dodged            |     1 |    18 |    20 |    75 |   118 |    81 |   195 |   170 ||   678
Block: Buckler           |       |       |       |    19 |    50 |    86 |   120 |       ||   275
       Reflection        |       |       |       |       |    25 |    34 |    53 |    51 ||   163
       Kite shield       |       |       |       |       |       |       |   137 |   427 ||   564
